 Dungeon Crawl Stone Soup version 0.28-a0-851-g8b9cc49659 (webtiles) character file.

Game seed: 15023672167939725604

106 siradein the Skirmisher (level 4, -2/40 HPs)
             Began as a Ghoul Monk on Nov 15, 2021.
             Slain by a river rat (7 damage)
             ... in a sewer.
             The game lasted 00:04:11 (2092 turns).

siradein the Skirmisher (Ghoul Monk)                Turns: 2092, Time: 00:04:11

Health: -2/40      AC:  3    Str: 14    XL:     4   Next: 84%
Magic:  3/3        EV: 13    Int:  5    God:
Gold:   106        SH:  0    Dex: 12    Spells: 3/3 levels left

rFire   . . .      SeeInvis .   o - +2 short sword (speed)
rCold   + . .      Faith    .   (no shield)
rNeg    + + +      Spirit   .   a - +0 robe
rPois   ∞          Reflect  .   (no helmet)
rElec   .          Harm     .   (no cloak)
rCorr   .          Rampage  .   (no gloves)
Will    .....                   m - +0 pair of boots
Stlth   ++........              (no amulet)
HPRegen 0.00/turn               (no ring)
MPRegen 0.08/turn               (no ring)

@: inhibited regen
A: claws 1, cold resistance 1, negative energy resistance 3, inhibited
regeneration, torment resistance 2
a: no special abilities


You were in a sewer.
You visited 1 branch of the dungeon, and saw 3 of its levels.
You also visited: Sewer.

You collected 106 gold pieces.

Inventory:

Hand Weapons
 o - a +2 short sword of speed (weapon)
Missiles
 j - 29 stones (quivered)
 n - 7 poisoned darts
Armour
 a - a +0 robe (worn)
 m - a +0 pair of boots (worn)
Scrolls
 c - a scroll of vulnerability {unknown}
 d - a scroll of teleportation {unknown}
 f - a scroll of torment {unknown}
 h - a scroll of immolation
 i - a scroll of blinking {unknown}
 l - 2 scrolls of identify {unknown}
Potions
 b - a potion of brilliance {unknown}
 e - 2 potions of attraction {unknown}
 g - a potion of heal wounds {unknown}
 k - a potion of flight {unknown}


   Skills:
 + Level 4.1 Fighting
 + Level 1.6 Armour
 + Level 3.4 Dodging
 - Level 2.1 Stealth
 + Level 4.0 Unarmed Combat


You had 3 spell levels left.
You didn't know any spells.
Your spell library was empty.

Dungeon Overview and Level Annotations

Branches:
Dungeon (3/15)              Sewer (1/1)

Altars:

Shops:
D:1 ?


Innate Abilities, Weirdness & Mutations

You thrive by killing the living.
You are immune to poison.
You have sharp fingernails.
Your flesh is cold resistant. (rC+)
You are immune to negative energy. (rN+++)
You do not regenerate when monsters are visible.
You are immune to unholy pain and torment.


Message History

You hit the river rat.
The river rat is heavily wounded.
The river rat barely misses you.
You hit the river rat.
The river rat is heavily wounded.
The river rat bites you but does no damage.
The river rat closely misses you. x2
You closely miss the river rat.
The river rat is heavily wounded.
The river rat bites you.
You barely miss the river rat.
The river rat is heavily wounded.
The river rat barely misses you.
You barely miss the river rat.
The river rat is heavily wounded.
The river rat barely misses you. The rat bites you.
The river rat barely misses you.
You hit the river rat but do no damage.
The river rat is heavily wounded.
The river rat barely misses you. The river rat misses you.
The rat barely misses you. The river rat bites you.
You closely miss the river rat.
The river rat is heavily wounded.
The river rat bites you. The rat misses you. The river rat closely misses you.
You hit the river rat but do no damage.
The river rat is heavily wounded.
The rat misses you. The river rat bites you.
You are too injured to fight recklessly!
You are too injured to fight recklessly!
You are too injured to fight recklessly!
You are too injured to fight recklessly!
You hit the river rat.
The river rat is heavily wounded.
The river rat bites you! The rat misses you.
The river rat bites you but does no damage.
The rat barely misses you. The river rat bites you!
* * * LOW HITPOINT WARNING * * *
The rat misses you. The river rat bites you!
You die...

#...≈≈≈≈≈≈≈≈
##...≈≈≈≈≈≈≈≈≈
##....≈≈≈≈≈≈≈≈≈
#.....≈≈≈≈≈≈≈≈...
#......≈≈≈≈≈≈r...
#......≈≈≈≈≈≈≈..r
##.....≈≈≈≈≈≈≈.#
#.....≈≈≈≈≈≈≈#
##†..@rr≈≈≈≈.##
####....r≈r≈≈≈..##
#∩###..rr.r≈≈≈....
#.###.....†≈≈≈....
#..#......≈≈≈≈....
##........≈≈≈≈....
##.......≈≈≈≈....
##.....≈≈≈≈≈....
#....≈≈≈≈≈≈....


You could see 3 river rats and 5 rats.

Vanquished Creatures
  5 adders
  2 dart slugs
  2 ball pythons
  3 bats
  3 endoplasms (D:1)
  2 giant cockroaches (D:2)
  6 goblins
  7 hobgoblins
  3 jackals (D:2)
  8 kobolds
  4 quokkas
  A frilled lizard (D:2)
  7 rats
53 creatures vanquished.

Notes
Turn   | Place    | Note
-------+----------+-------------------------------------------
     0 | D:1      | siradein the Ghoul Monk began the quest for the Orb.
     0 | D:1      | Reached XP level 1. HP: 19/19 MP: 0/0
   242 | D:1      | Found Teimu's Magic Scroll Boutique.
   276 | D:1      | Reached XP level 2. HP: 26/26 MP: 1/1
   885 | D:1      | Reached XP level 3. HP: 31/31 MP: 2/2
   895 | D:1      | Reached skill level 1 in Armour
  1253 | D:2      | Reached XP level 4. HP: 40/40 MP: 3/3
  1496 | D:2      | Found a faded altar of an unknown god.
  1918 | D:3      | Found a glowing drain.
  1927 | Sewer    | Entered a sewer
  2092 | Sewer    | Slain by a river rat

Illustrated notes

Levels and vault maps discovered:
D:1:      roderic_dead_forest, layout_basic, serial_shops, shop
D:2:      wad_crossroads, layout_loops_ring,
          dreamdust_ecumenical_altar_angels_and_demons
D:3:      layout_rooms, portal_sewer_entry_d
Sewer:    sewer_minmay_treatment

Skill      XL: |  1  2  3  4 |
---------------+-------------+-----
Dodging        | 3 |  3.4
Armour         | 1 |  1.6
Fighting       | 4 |  4.1
Unarmed Combat | 4 |  4.0
Stealth        | |  2.1

Action                   |  1- 3 |  4- 6 || total
-------------------------+-------+-------++-------
Melee: Unarmed           |    28 |       ||    28
       Dagger            |    49 |    59 ||   108
       Punch             |     1 |       ||     1
       Short sword       |       |    18 ||    18
  Use: Scroll            |       |     1 ||     1
 Stab: Sleeping          |     4 |     3 ||     7
Armor: Robe              |     5 |    28 ||    33
Dodge: Dodged            |    35 |    76 ||   111

Table legend: (Time is in decaauts)
 A = Elapsed time spent in this place.
 B = Non-inter-level travel time spent in this place.
 C = Inter-level travel time spent in this place.
 D = Time resting spent in this place.
 E = Time spent auto-exploring this place.
 F = Levels seen in this place.
 G = Mean time per level.
                   A        B        C        D        E       F      G
               +--------+--------+--------+--------+--------+-----+--------+
         Total |   2088 |   2020 |     68 |      0 |   1503 |   4 |  522.0 |
       Dungeon |   1928 |   1860 |     68 |      0 |   1394 |   3 |  642.7 |
         Sewer |    160 |    160 |      0 |      0 |    109 |   1 |  160.0 |
               +--------+--------+--------+--------+--------+-----+--------+

Top non-repeatable levels by time:
     D:1: 951 daAuts
     D:2: 772 daAuts
     D:3: 205 daAuts
   Sewer: 160 daAuts
